 Dungeon Crawl Stone Soup version 0.20.0-8-g6b59dc7 (webtiles) character file.

63 Inarius the Stinger (level 3, 0/26 HPs)
             Began as a Draconian Venom Mage on June 1, 2017.
             Slain by a goblin (3 damage)
             ... led by Robin
             ... on level 2 of the Dungeon.
             The game lasted 00:05:57 (1814 turns).

Inarius the Stinger (Draconian Venom Mage)          Turns: 1814, Time: 00:05:57

Health: 0/26       AC:  5    Str: 10    XL:     3   Next: 87%
Magic:  3/6        EV: 12    Int: 16    God:
Gold:   102        SH:  0    Dex: 11    Spells: 4/7 levels left

rFire    + . .     SeeInvis +   f - +0 spear
rCold    . . .     Gourm    .   (no shield)
rNeg     . . .     Faith    .   (armour unavailable)
rPois    .         Spirit   .   (helmet restricted)
rElec    .         Reflect  .   (no cloak)
rCorr    .         Harm     .   (no gloves)
MR       .....                  (no boots)
Stlth    ++........             (no amulet)
Regen    0.1/turn               h - ring of see invisible
MPRegen  0.1/turn               p - ring of protection from fire

@: no status effects
A: unfitting armour, cold-blooded, AC +5
a: no special abilities


You were on level 2 of the Dungeon.
You were not hungry.

You visited 1 branch of the dungeon, and saw 3 of its levels.

You collected 102 gold pieces.

Inventory:

Hand Weapons
 f - a +0 spear (weapon)
Jewellery
 h - a ring of see invisible (left hand)
 p - a ring of protection from fire (right hand)
Scrolls
 d - a scroll of random uselessness {unknown}
 e - 2 scrolls of remove curse {unknown}
 m - 3 scrolls of identify {unknown}
Potions
 c - a potion of flight {unknown}
 j - 2 potions of cancellation {unknown}
 k - a potion of agility {unknown}
 l - a potion of haste {unknown}
 o - a potion of ambrosia {unknown}
Books
 a - a Young Poisoner's Handbook

   Spells                             Type                      Level
   a - Sting                          Conjuration/Poison           1
   b - Poisonous Vapours              Poison/Air                   2
   c - Mephitic Cloud                 Conjuration/Poison/Air       3
   d - Olgreb's Toxic Radiance        Poison                       4
   e - Venom Bolt                     Conjuration/Poison           5
Comestibles
 b - 3 bread rations
 g - a chunk of flesh
 n - a fruit


   Skills:
 * Level 2.0 Dodging
 - Level 1.8 Stealth
 + Level 2.5 Spellcasting
 * Level 2.1 Conjurations
 + Level 0.2 Air Magic
 + Level 3.7 Poison Magic


You had 4 spell levels left.
You knew the following spells:

 Your Spells              Type           Power        Failure   Level  Hunger
a - Sting                 Conj/Pois      ##..         6%          1    #......
b - Poisonous Vapours     Pois/Air       #.....       13%         2    ##.....


Dungeon Overview and Level Annotations

Branches:
Dungeon (3/15)

Altars:
Ashenzari
Fedhas

Annotations:
D:2 Robin


Innate Abilities, Weirdness & Mutations

Your plain brown scales are hard. (AC +5)
You cannot fit into any form of body armour.
You are cold-blooded and may be slowed by cold attacks.


Message History

Robin throws the goblin at you!
* * * LOW HITPOINT WARNING * * *
The goblin hits you.
* * * LOW HITPOINT WARNING * * *
The goblin barely misses you.
The goblin no longer looks unusually strong.
Robin throws the goblin at you!
You barely miss the goblin.
Your tail-slap misses the goblin.
The goblin hits you but does no damage. The goblin closely misses you.
The goblin barely misses you. Robin barely misses you.
Robin throws the goblin at you!
* * * LOW HITPOINT WARNING * * *
The goblin hits you but does no damage. The goblin barely misses you.
The goblin closely misses you. Robin throws the goblin at you!
The goblin barely misses you. The goblin misses you.
You hit the goblin.
You kill the goblin!
The goblin hits you.
You die...

###### #.# #.
#....####.####.
####.##.#.........
###....##)#....####.
#......##)#.#.#####.
#......##...........
#).....####.##.#####
#..gg..#..g>..<.....
#..@...#.##..#.#####
###.#.....#.##.##
#.#....(#.#...#
####.#.....#.#...#
#.............>..#
#..♣♣♣...♣♣♣.....#
#.♣# #♣.♣#
#♣....#### #.♣ ♣.♣
♣....##.. #.♣# #♣.♣#
#♣...≈...≈


You could see Robin and a goblin.

Vanquished Creatures
  2 adders (D:2)
  2 oozes
  A worm (D:2)
  A dart slug (D:1)
  3 giant cockroaches
  10 goblins
  A hobgoblin (D:2)
  2 kobolds (D:1)
  5 bats
  4 frilled lizards
31 creatures vanquished.

Notes
Turn   | Place    | Note
-------+----------+-------------------------------------------
     0 | D:1      | Inarius the Draconian Venom Mage began the quest for the Orb.
     0 | D:1      | Reached XP level 1. HP: 14/14 MP: 3/3
   255 | D:1      | Reached XP level 2. HP: 20/20 MP: 0/5
   259 | D:1      | Learned a level 2 spell: Poisonous Vapours
  1012 | D:2      | Found a blossoming altar of Fedhas.
  1136 | D:2      | Found a shattered altar of Ashenzari.
  1156 | D:2      | Reached XP level 3. HP: 23/26 MP: 6/6
  1668 | D:3      | Noticed Robin
  1814 | D:2      | Slain by a goblin

Skill      XL: |  1  2  3 |
---------------+----------+-----
Dodging        | 2 |  2.0
Conjurations   | 2 |  2.1
Stealth        | |  1.8
Spellcasting   | |  2.5
Air Magic      | |  0.2
Poison Magic   | |  3.7

Action                   || total
-------------------------++-------
Melee: Unarmed           ||     6
       Spear             ||    46
       Tailslap          ||     5
 Cast: Sting             ||    43
       Poisonous Vapours ||     5
  Use: Scroll            ||     1
       Potion            ||     1
 Stab: Sleeping          ||     1
  Eat: Chunk             ||     4
Armor: Skin              ||    22
Dodge: Dodged            ||    59
